 Dungeon Crawl Stone Soup version 0.22-a0-469-gf26638a71f (webtiles) character file.

60 Kriby the Skirmisher (level 4, -15/35 HPs)
             Began as a Human Abyssal Knight on June 13, 2018.
             Was a Follower of Lugonu.
             Demolished by an ogre
             ... wielding a +0 giant spiked club
              (23 damage)
             ... on level 3 of the Dungeon.
             The game lasted 00:02:26 (3298 turns).

Kriby the Skirmisher (Human Abyssal Knight)         Turns: 3298, Time: 00:02:27

Health: -15/35     AC:  6    Str: 11 (13) XL:     4   Next: 24%
Magic:  5/5        EV: 11    Int:  9 (12) God:    Lugonu [*.....]
Gold:   129        SH:  0    Dex: 11 (13) Spells: 3/3 levels left

rFire    . . .     SeeInvis .   a - +1 hand axe
rCold    . . .     Gourm    .   (no shield)
rNeg     . . .     Faith    .   b - +1 leather armour
rPois    .         Spirit   .   j - +2 hat
rElec    .         Reflect  .   (no cloak)
rCorr    .         Harm     .   (no gloves)
MR       .....                  (no boots)
Stlth    +.........             (no amulet)
HPRegen  0.11/turn              (no ring)
MPRegen  0.09/turn              (no ring)

@: no status effects
A: no striking features
a: Depart the Abyss, Renounce Religion


You were on level 3 of the Dungeon.
You worshipped Lugonu.
Lugonu was aware of your devotion.
You were not hungry.

You visited 1 branch of the dungeon, and saw 3 of its levels.
You visited the Abyss 1 time.

You collected 129 gold pieces.

Inventory:

Hand Weapons
 a - a +1 hand axe (weapon)
Armour
 b - a +1 leather armour (worn)
 j - a +2 hat (worn)
Scrolls
 d - 2 scrolls of remove curse {@r2}
 f - a scroll of identify {unknown}
 h - a scroll of fear {unknown}
Potions
 e - a potion of curing {@q1}
 i - 2 potions of flight
Comestibles
 c - 5 rations {@e1}
 k - 2 chunks of flesh


   Skills:
 + Level 3.3 Fighting
 * Level 2.9 Axes
 + Level 2.3 Armour
 + Level 1.8 Dodging
 + Level 2.4 Invocations


You had 3 spell levels left.
You didn't know any spells.
Your spell library was empty.

Dungeon Overview and Level Annotations

Branches:
Dungeon (3/15)

Altars:

Annotations:
D:2 exclusion: downstairs
D:3 Kriby's ghost, amateur HuAK


Message History

Level annotation: Kriby's ghost, amateur HuAK An ogre comes into view.
It is wielding a giant spiked club.
The ogre shouts!
There is a stone staircase leading up here.
You hit the ogre.
The ogre is moderately wounded.
The ogre hits you with a giant spiked club!!
Ouch! That really hurt!
* * * LOW HITPOINT WARNING * * *
Okay, then.
You feel much better.
The ogre hits you with a giant spiked club!
* * * LOW HITPOINT WARNING * * *
You hit the ogre.
The ogre is moderately wounded.
You completely miss the ogre.
The ogre is moderately wounded.
The ogre hits you with a giant spiked club!!
Ouch! That really hurt!
You die...

# ###.
....# ###
.#......#
......#.#
#.....O#
#@#
#.#.......
## ###.###


You could see an ogre.

Vanquished Creatures
  An adder (D:2)
  An ooze (D:1)
  2 worms (D:2)
  5 dart slugs
  An orc (D:3)
  A ball python (D:1)
  A giant cockroach (D:1)
  4 hobgoblins (D:1)
  A quokka (D:2)
  8 bats
  4 frilled lizards
  2 goblins
  3 rats
34 creatures vanquished.

Notes
Turn   | Place    | Note
-------+----------+-------------------------------------------
     0 | Abyss:1  | Kriby the Human Abyssal Knight began the quest for the Orb.
     0 | Abyss:1  | Reached XP level 1. HP: 18/18 MP: 2/2
    47 | Abyss:1  | Noticed a starcursed mass
    59 | Abyss:1  | Noticed a thrashing horror
    60 | D:1      | Escaped the Abyss
   488 | D:1      | Reached XP level 2. HP: 17/24 MP: 3/3
   769 | D:1      | Reached * piety under Lugonu
   952 | D:1      | Reached XP level 3. HP: 26/29 MP: 4/4
  2247 | D:2      | Reached XP level 4. HP: 35/35 MP: 5/5
  2760 | D:3      | Noticed Kriby's ghost (amateur HuAK)
  2774 | D:3      | HP: 1/35 [Kriby's ghost (8)]
  3294 | D:3      | Noticed an ogre
  3298 | D:3      | Demolished by an ogre

Vault maps used:
D:1:      scummos_arrival_simple_crosswalls
D:2:      roderic_st_hans_cross
D:3:      nemelex_xobeh_ov_fountains_minmay, uniq_crazy_yiuf_cottage

Action                   |  1- 3 |  4- 6 || total
-------------------------+-------+-------++-------
Melee: Hand axe          |   101 |    49 ||   150
Invok: Depart the Abyss  |     1 |       ||     1
  Use: Scroll            |     6 |       ||     6
       Potion            |     5 |     3 ||     8
  Eat: Chunk             |     3 |     1 ||     4
       Ration            |       |     1 ||     1
Armor: Leather armour    |    16 |    13 ||    29
Dodge: Dodged            |    65 |    22 ||    87

Table legend:
 A = Spawn XP
 B = Non-spawn XP
 C = Spawn XP percentage of total XP
 D = Spawn monster count
 E = Non-spawn monster count
 F = Spawn count percentage of total count
 G = Total turns spent on level
                    A         B        C        D         E        F      G
               +---------+---------+-------+---------+---------+-------+---------
         Total |       0 |      86 |   0.0 |       0 |      34 |   0.0 |  3298
               +---------+---------+-------+---------+---------+-------+---------
           D:1 |       0 |      46 |   0.0 |       0 |      21 |   0.0 |  1719
           D:2 |       0 |      37 |   0.0 |       0 |      12 |   0.0 |  1338
           D:3 |       0 |       3 |   0.0 |       0 |       1 |   0.0 |   181
               +---------+---------+-------+---------+---------+-------+---------
